 Dungeon Crawl Stone Soup version 0.32-a0-391-gce5c0aa (webtiles) character file.

Game seed: 14959434491193470249

21 Nithhogg the Trooper (level 2, -16/26 HPs)
             Began as a Mountain Dwarf Fighter on Feb 19, 2024.
             Engulfed by a cloud of flame (17 damage)
             ... on level 1 of the Dungeon.
             The game lasted 00:01:07 (416 turns).

Nithhogg the Trooper (Mountain Dwarf Fighter)        Turns: 416, Time: 00:01:08

Health: -16/26     AC:  6    Str: 18    XL:     2   Next: 65%
Magic:  2/2        EV:  9    Int:  8    God:
Gold:   43         SH:  4    Dex:  9    Spells: 1/1 levels left

rFire   . . .        a - +0 war axe
rCold   . . .        c - +0 buckler
rNeg    . . .        b - +0 scale mail
rPois   .            (no helmet)
rElec   .            (no cloak)
rCorr   .            (no gloves)
SInv    .            (no boots)
Will    .....        (no amulet) Stlth
                     (no ring)
HPRegen 0.24/turn    (no ring)
MPRegen 0.08/turn

%: no passive effects
@: no status effects
A: runic magic, artefact enchanting
a: no special abilities


You were on level 1 of the Dungeon.
You visited 1 branch of the dungeon, and saw 1 of its levels.

You collected 43 gold pieces.

Inventory:

Hand Weapons
 a - a +0 war axe (weapon)
Armour
 b - a +0 scale mail (worn)
 c - a +0 buckler (worn)
Scrolls
 e - a scroll of immolation
Potions
 d - a potion of might
 f - a potion of brilliance {unknown}
 g - a potion of haste {unknown}
 h - a potion of magic {unknown}


   Skills:
 + Level 3.6 Fighting
 + Level 2.9 Axes
 + Level 3.6 Armour
 + Level 3.5 Shields


You had one spell level left.
You didn't know any spells.
Your spell library contained the following spells:

 Spells                   Type           Power      Damage    Failure   Level
 Sting                    Conj/Alch      0%         1d3       58%         1
 Mercury Vapours          Alch/Air       0%         N/A       73%         2
 Olgreb's Toxic Radiance  Alch           0%         N/A       100%        4


Dungeon Overview and Level Annotations

Branches:
Dungeon (1/15)

Altars:


Innate Abilities, Weirdness & Mutations

Your spellcasting is much less encumbered by armour.
You can use scrolls of enchantment on lesser artefacts.


Message History

The bat closely misses you. You block the bat's attack.
You block the bat's attack. The bat attacks as it pursues you!
The bat closely misses you. The bat hits you but does no damage.
The bat attacks as it pursues you! The bat hits you.
The bat hits you but does no damage.
A kobold comes into view. It is wielding a +0 dagger.
Found 4 gold pieces.
The kobold shouts!
The bat hits you but does no damage. The kobold hits you but does no damage.
You hit the kobold but do no damage. You closely miss the bat.
The bat barely misses you. x2; The kobold hits you but does no damage.
The bat hits you.
You closely miss the kobold. You miss the bat.
The bat hits you but does no damage. You block the bat's attack.
The kobold hits you but does no damage. The bat hits you but does no damage.
The kobold barely misses you.
You barely miss the kobold. You miss the bat. The bat hits you.
The bat closely misses you. The kobold barely misses you.
You hit the kobold.
The kobold is heavily wounded.
You miss the bat. You closely miss the kobold. The bat closely misses you.
The bat hits you but does no damage. You block the bat's attack.
You block the kobold's attack. The kobold closely misses you.
You slash the kobold!
You kill the kobold!
You hit the kobold. You closely miss the bat.
The kobold explodes!
The fiery explosion engulfs the frilled lizard!!
The fiery explosion engulfs the bat!!!
The fiery explosion engulfs you!
Ouch! That really hurt!
The bat explodes!
The fiery explosion engulfs you!
* * * LOW HITPOINT WARNING * * *
The frilled lizard explodes!
You are engulfed in blazing flames.
Ouch! That really hurt!
You die...

#.# #..#
#.)........#.###
#.# #..#
#.##########....
#.# #..#
#.>...........##
#.# #..#
############.##
#.# #..# #.# # #.#
#..# #.###
##.###..##########
#....
..............§§§#
##..♣
###.############@#
##.♣ #. #)# #.♣ #.
#$# #.♣ .. ... #.♣
#. ### #.. .. ...
.. ###


There were no monsters in sight!

Vanquished Creatures
  2 dart slugs (D:1)
  A ball python (D:1)
  4 bats (D:1)
  A giant cockroach (D:1)
  A hobgoblin (D:1)
  A jackal (D:1)
  A frilled lizard (D:1)
  3 kobolds (D:1)
14 creatures vanquished.

Notes
Turn   | Place    | Note
-------+----------+-------------------------------------------
     0 | D:1      | Nithhogg the Mountain Dwarf Fighter began the quest for the
                  | Orb.
     0 | D:1      | Reached XP level 1. HP: 19/19 MP: 1/1
   164 | D:1      | Reached XP level 2. HP: 25/26 MP: 2/2
   416 | D:1      | HP: 1/26 [spore (9)]
   416 | D:1      | Engulfed by a cloud of flame

Illustrated notes

Levels and vault maps discovered:
D:1:      scummos_arrival_hexagon, layout_loops_ring, st_stairs_5,
          nrook_campfire, minmay_misc_feat_more_columns, minmay_3d_cube

Action                     || total
---------------------------++-------
  Melee: War axe           ||    28
    Use: Scroll            ||     2
 Armour: Scale mail        ||    41
  Dodge: Dodged            ||    26
  Block: Buckler           ||    11

Table legend: (Time is in decaauts)
 A = Elapsed time spent in this place.
 B = Non-inter-level travel time spent in this place.
 C = Inter-level travel time spent in this place.
 D = Time resting spent in this place.
 E = Time spent auto-exploring this place.
 F = Levels seen in this place.
 G = Mean time per level.
                   A        B        C        D        E       F      G
               +--------+--------+--------+--------+--------+-----+--------+
         Total |    426 |    426 |      0 |      0 |    338 |   1 |  426.0 |
       Dungeon |    426 |    426 |      0 |      0 |    338 |   1 |  426.0 |
               +--------+--------+--------+--------+--------+-----+--------+

Top non-repeatable levels by time:
     D:1: 426 daAuts
